 Dungeon Crawl Stone Soup version 0.21.1-1-g345015f (webtiles) character file.

428 shakethe the Shield-Bearer (level 6, -1/37 HPs)
             Began as a Gargoyle Fighter on Feb 10, 2018.
             Was a Follower of Elyvilon.
             Killed by divine providence
             ... invoked by an orc priest
              (14 damage)
             ... on level 4 of the Dungeon.
             The game lasted 00:05:07 (2528 turns).

shakethe the Shield-Bearer (Gargoyle Fighter)       Turns: 2528, Time: 00:05:08

Health: -1/37      AC: 11    Str: 20    XL:     6   Next: 98%
Magic:  5/6        EV:  8    Int:  8    God:    Elyvilon [*.....]
Gold:   157        SH:  0    Dex: 11    Spells: 5/5 levels left

rFire    . . .     SeeInvis .   a - +0 flail
rCold    . . .     Gourm    .   c - +0 shield
rNeg     + . .     Faith    .   b - +0 scale mail
rPois    ∞         Spirit   .   (no helmet)
rElec    +         Reflect  .   (no cloak)
rCorr    .         Harm     .   (no gloves)
MR       .....                  (no boots)
Stlth    ..........             (no amulet)
HPRegen  0.12/turn              (no ring)
MPRegen  0.10/turn              (no ring)

@: confused
A: negative energy resistance 1, electricity resistance, unbreathing,
petrification resistance, rot immunity, AC +4
a: Lesser Healing, Divine Protection, Renounce Religion


You were on level 4 of the Dungeon.
You worshipped Elyvilon.
Elyvilon was aware of your devotion.
You were not hungry.

You visited 1 branch of the dungeon, and saw 4 of its levels.

You collected 157 gold pieces.

Inventory:

Hand Weapons
 a - a +0 flail (weapon)
Armour
 b - a +0 scale mail (worn)
 c - a +0 shield (worn)
 r - a +0 pair of boots
   (You found it on level 4 of the Dungeon)
Scrolls
 e - 2 scrolls of identify {unknown}
 g - a scroll of noise {unknown}
 h - 3 scrolls of magic mapping {unknown}
 i - 4 scrolls of remove curse {unknown}
 j - a scroll of immolation {unknown}
 k - 3 scrolls of teleportation {unknown}
 n - a scroll of enchant armour {unknown}
 o - a scroll of fear {unknown}
 p - a scroll of blinking {unknown}
Potions
 d - a potion of might
 l - a potion of agility
 m - a potion of mutation {unknown}
 q - a potion of haste {unknown}
 s - a potion of magic {unknown}
Comestibles
 f - 10 rations


   Skills:
 - Level 3.2 Fighting
 * Level 5.5 Maces & Flails
 - Level 3.2 Armour
 - Level 1.3 Dodging
 - Level 0.2 Stealth
 - Level 5.5 Shields


You had 5 spell levels left.
You didn't know any spells.

Dungeon Overview and Level Annotations

Branches:
Dungeon (4/15)
 Temple: D:4-7

Altars:
Ashenzari
Cheibriados
Elyvilon
Fedhas
Nemelex Xobeh
Uskayaw
The Shining One


Innate Abilities, Weirdness & Mutations

You are resistant to torment.
Your stone body is resilient. (AC +4)
You are immune to poison.
You resist negative energy. (rN+)
You are resistant to electric shocks. (rElec)
You can survive without breathing.
You are immune to petrification.
You are immune to rotting.


Message History

You hit something but do no damage. Something hits you but does no damage.
The orc priest barely misses you.
Something hits you but does no damage. x2
You barely miss something.
The orc priest hits you but does no damage.
You block something's attack. Something hits you but does no damage.
The orc priest hits you but does no damage.
You miss something.
Something hits you but does no damage. x2
You block the orc priest's attack.
You sock something!
You hear some strange, mumbled words. x2
Something tries to affect you, but you resist.
You block the orc priest's attack.
You barely miss something.
Something hits you but does no damage. x3
You block the orc priest's attack.
You barely miss something.
Something hits you but does no damage. x2
The orc priest hits you but does no damage.
Something hits you but does no damage.
You miss something.
An orc wizard appears from thin air!
Reactivating autopickup.
You hear some strange, mumbled words.
A magic dart appears from out of thin air!
Deactivating autopickup; reactivate with Ctrl-A.
The magic dart hits you! You block something's attack.
The orc priest hits you but does no damage.
The orc wizard closely misses you.
You miss something.
You hear some strange, mumbled words.
A magic dart appears from out of thin air!
The magic dart hits you! The orc priest closely misses you.
You block the orc wizard's attack. Something hits you but does no damage.
You take 2 damage, and have 21/37 hp.
You sock something!
Reactivating autopickup.
You feel a bit more experienced.
The orc priest hits you but does no damage.
The orc wizard points at you and mumbles some strange words.
You are confused.
You closely miss the orc wizard.
The orc priest hits you but does no damage.
The orc wizard hits you with a dagger.
You take 1 damage, and have 20/37 hp.
The orc priest begins to cast a cantrip, but forgets the words!
The orc wizard points at you and mumbles some strange words.
The magic dart hits you!
You see here a worker ant corpse.
You bump into the rock wall.
The orc priest misses you.
The orc wizard hits you but does no damage.
You closely miss the orc wizard. The orc priest hits you with a trident.
The orc wizard barely misses you.
The orc priest hits you but does no damage.
You take 1 damage, and have 19/37 hp.
You bump into the rock wall.
The orc wizard casts a spell at you. You resist with some effort.
You closely miss the orc priest.
The orc priest hits you but does no damage.
The orc wizard hits you but does no damage.
The orc priest barely misses you.
You bump into the rock wall.
You feel less confused. You block the orc wizard's attack.
You hit the orc priest but do no damage.
The orc priest barely misses you. The orc wizard hits you with a dagger.
You take 1 damage, and have 18/37 hp.
You sock the orc priest!
The orc priest hits you but does no damage.
You block the orc wizard's attack. You block the orc priest's attack.
You closely miss the orc priest.
The orc wizard hits you but does no damage.
The orc priest barely misses you. You block the orc wizard's attack.
You barely miss the orc priest. The orc wizard barely misses you.
The orc priest begins to cast a cantrip, but forgets the words!
You hit the orc priest but do no damage.
You block the orc wizard's attack.
The orc priest hits you but does no damage.
You closely miss the orc priest. The orc wizard barely misses you.
You block the orc priest's attack.
You hit the orc priest but do no damage.
The orc wizard barely misses you. You block the orc priest's attack.
You hit the orc priest.
The orc wizard hits you but does no damage.
The orc priest miscasts a cantrip.
You block the orc wizard's attack.
You barely miss the orc priest.
The orc priest mumbles some strange prayers to Beogh against you.
Beogh smites you!
* * * LOW HITPOINT WARNING * * *
The orc wizard points at you and mumbles some strange words.
You are confused.
The orc priest hits you but does no damage.
You take 11 damage, and have 7/37 hp.
MASSIVE DAMAGE!!
You are healed.
You feel somewhat more hungry.
The orc wizard hits you but does no damage.
You regained 6 hp, and now have 13/37 hp.
You now have 5/6 mp.
You barely miss the orc priest.
The orc priest calls down the wrath of Beogh upon you.
Beogh smites you!
You die...

.....###
#.#.#..##
##...#
##......#
#...#...#
#......##
##..#...#
#..(...##
#..#.#.#
#..o...#
#..#@#.##
#..#.o.#
#.##..##
.. .).#
#.. ...#
..#...##
#.. .#.#
##..#


You could see an orc priest and an orc wizard.

Vanquished Creatures
  A scorpion (D:4)
  2 orc priests
  5 orc wizards
  2 worker ants
  4 adders
  2 worms
  2 dart slugs
  2 leopard geckos
  16 orcs
  2 giant cockroaches
  2 hobgoblins
  4 jackals (D:1)
  11 kobolds
  A quokka (D:4)
  8 bats
  5 frilled lizards
  8 goblins
  10 rats
87 creatures vanquished.

Notes
Turn   | Place    | Note
-------+----------+-------------------------------------------
     0 | D:1      | shakethe the Gargoyle Fighter began the quest for the Orb.
     0 | D:1      | Reached XP level 1. HP: 14/14 MP: 1/1
   178 | D:1      | Reached XP level 2. HP: 16/19 MP: 2/2
   610 | D:1      | Reached skill level 4 in Shields
   615 | D:1      | Reached XP level 3. HP: 21/23 MP: 3/3
   749 | D:2      | Found a sparkling altar of Nemelex Xobeh.
  1058 | D:2      | Found a blossoming altar of Fedhas.
  1058 | D:2      | Found a white marble altar of Elyvilon.
  1063 | D:2      | Became a worshipper of Elyvilon the Healer
  1166 | D:2      | Reached skill level 3 in Maces & Flails
  1195 | D:2      | Reached XP level 4. HP: 25/28 MP: 4/4
  1240 | D:3      | Found a shattered altar of Ashenzari.
  1410 | D:3      | HP: 6/28 [orc/flail (5)]
  1412 | D:3      | HP: 1/28 [orc/flail (3)]
  1415 | D:3      | Reached skill level 1 in Dodging
  1415 | D:3      | Reached XP level 5. HP: 2/32 MP: 5/5
  1788 | D:3      | Reached skill level 5 in Shields
  1800 | D:3      | Reached skill level 4 in Maces & Flails
  1828 | D:3      | Found a glowing golden altar of the Shining One.
  1945 | D:3      | Reached XP level 6. HP: 23/37 MP: 6/6
  1968 | D:3      | Found a snail-covered altar of Cheibriados.
  2395 | D:4      | Reached * piety under Elyvilon
  2422 | D:4      | Found a hide-covered altar of Uskayaw.
  2446 | D:4      | Reached skill level 5 in Maces & Flails
  2526 | D:4      | HP: 7/37 [orc priest/divine providence (12)]
  2528 | D:4      | Killed from afar by an orc priest

Skill      XL: |  1  2  3  4  5  6 |
---------------+-------------------+-----
Shields        | 4 5 |  5.5
Maces & Flails | 3 4 5 |  5.5
Dodging        | 1 |  1.3
Fighting       | |  3.2
Armour         | |  3.2
Stealth        | |  0.2

Action                   |  1- 3 |  4- 6 || total
-------------------------+-------+-------++-------
Melee: Flail             |   120 |   287 ||   407
Invok: Lesser Healing    |       |     1 ||     1
  Eat: Chunk             |     1 |     5 ||     6
Armor: Scale mail        |    63 |   207 ||   270
Dodge: Dodged            |    37 |   126 ||   163
Block: Shield            |    68 |   205 ||   273

Vault maps used:
D:1:      dpeg_arrival_castle, st_stairs_4
D:2:      nicolae_overflow_hidden_temple, gammafunk_temple_overflow_wave
D:3:      tso_oasis_becter, overflow_temple_1_default, kennysheep_slug_shrine
D:4:      old_standard_altar, kennysheep_mini_moat

Table legend:
 A = Turns spent in this place as a percentage of turns spent in the entire game.
 B = Non-inter-level travel turns spent in this place as a percentage of non-inter-level travel turns spent in the entire game.
 C = Inter-level travel turns spent in this place as a percentage of turns spent in this place.
 D = Turns resting spent in this place as a percentage of non-inter-level travel turns spent in this place.
 E = Turns spent auto-exploring this place as a percentage of non-inter-level travel turns spent in this place.
 F = Non-inter-level travel turns spent in this place divided by the number of levels of this place that you've seen.
                   A       B       C       D       E      F
               +-------+-------+-------+-------+-------+----------------------
         Total | 100.0 | 100.0 |   0.0 |  15.3 |  53.7 | 632.0
       Dungeon | 100.0 | 100.0 |   0.0 |  15.3 |  53.7 | 632.0
               +-------+-------+-------+-------+-------+----------------------

Table legend:
 A = Kills in this place as a percentage of kills in entire the game.
 B = Kills by you in this place as a percentage of kills by you in the entire game.
 C = Kills by friends in this place as a percentage of kills by friends in the entire game.
 D = Other kills in this place as a percentage of other kills in the entire game.
 E = Experience gained in this place as a percentage of experience gained in the entire game.
 F = Experience gained in this place divided by the number of levels of this place that you have seen.
                   A       B       C       D       E      F
               +-------+-------+-------+-------+-------+----------------------
         Total | 100.0 | 100.0 |   N/A |   N/A | 100.0 | 153.0
       Dungeon | 100.0 | 100.0 |   N/A |   N/A | 100.0 | 153.0
               +-------+-------+-------+-------+-------+----------------------
